 Dungeon Crawl Stone Soup version 0.26-a0-683-g5206c1d7ac (webtiles) character file.

Game seed: 6967763964484340655

202 marklar909 the Stinger (level 6, -1/42 HPs)
             Began as a Formicid Venom Mage on Oct 22, 2020.
             Slain by an orc wizard
             ... wielding a +0 dagger
              (4 damage)
             ... on level 3 of the Dungeon.
             The game lasted 00:05:58 (3852 turns).

marklar909 the Stinger (Formicid Venom Mage)        Turns: 3852, Time: 00:05:58

Health: -1/42      AC:  2    Str: 13    XL:     6   Next: 8%
Magic:  1/11       EV: 12    Int: 16    God:
Gold:   152        SH:  0    Dex: 11    Spells: 3/12 levels left

rFire    . . .     SeeInvis +   (no weapon)
rCold    . . .     Faith    .   (no shield)
rNeg     . . .     Spirit   .   a - +0 robe
rPois    .         Reflect  .   (helmet unavailable)
rElec    .         Harm     .   (no cloak)
rCorr    .         Rampage  .   (no gloves)
MR       .....                  (no boots)
Stlth    ++........             (no amulet)
HPRegen  0.14/turn              (no ring)
MPRegen  0.12/turn              (no ring)

@: no status effects
A: permanent stasis, dig shafts and tunnels, four strong arms, antennae 3
a: Dig, Shaft Self


You were on level 3 of the Dungeon.
You visited 1 branch of the dungeon, and saw 3 of its levels.

You collected 152 gold pieces.

Inventory:

Armour
 a - a +0 robe (worn)
Jewellery
 g - an uncursed ring of wizardry {unknown}
 h - an uncursed ring of fire
 k - an uncursed ring of ice
Scrolls
 b - 4 scrolls of remove curse {unknown}
 c - 3 scrolls of teleportation {unknown}
 d - 3 scrolls of identify {unknown}
 e - a scroll of random uselessness {unknown}
 i - a scroll of enchant armour {unknown}
 l - a scroll of fog {unknown}
Potions
 f - 4 potions of curing {unknown}
 j - a potion of degeneration {unknown}


   Skills:
 + Level 0.3 Fighting
 + Level 1.8 Dodging
 + Level 2.7 Stealth
 + Level 0.1 Unarmed Combat
 + Level 3.6 Spellcasting
 + Level 1.8 Transmutations
 + Level 1.6 Air Magic
 + Level 6.0 Poison Magic


You had 3 spell levels left.
You knew the following spells:

 Your Spells              Type           Power        Failure   Level
a - Sting                 Tmut/Pois      ###.         3%          1
b - Poisonous Vapours     Pois/Air       ###...       5%          2
c - Ignite Poison         Fire/Tmut/Pois ##......     19%         3
d - Mephitic Cloud        Conj/Pois/Air  ##......     19%         3

Your spell library contained the following spells:

 Spells                   Type           Power        Failure   Level
 Olgreb's Toxic Radiance  Pois           ###.....     14%         4


Dungeon Overview and Level Annotations

Branches:
Dungeon (3/15)

Altars:
Cheibriados
Fedhas
Sif Muna


Innate Abilities, Weirdness & Mutations

You cannot be hasted, slowed, berserked, paralysed or teleported.
You can dig through walls and to a lower floor.
Your four strong arms can wield two-handed weapons with a shield.
You have a pair of large antennae on your head. (SInv)


Message History

Confirm with . or Enter, or press ? or * to list all spells.
Aiming: Sting (safe; 3% risk of failure)
Press: ? - help, Shift-Dir - straight line, f/p - orc wizard
Aim: an orc wizard, wielding a +0 dagger and wearing a +0 robe (moderately wounded, fast, poisoned)
The sting hits the orc wizard but does no damage.
The orc wizard looks even sicker.
The orc wizard is moderately wounded.
The orc wizard barely misses you.
The orc wizard hits you but does no damage.
Unknown command.
Casting: Sting (safe; 3% risk of failure)
Confirm with . or Enter, or press ? or * to list all spells.
Aiming: Sting (safe; 3% risk of failure)
Press: ? - help, Shift-Dir - straight line, f/p - orc wizard
Aim: an orc wizard, wielding a +0 dagger and wearing a +0 robe (moderately wounded, fast, very poisoned)
The sting hits the orc wizard but does no damage.
The orc wizard looks even sicker.
The orc wizard is moderately wounded.
The orc wizard hits you with a +0 dagger.
You die...

#..# #.# ####g. #).# #.# #.†)..
#######..######.# #.####
.........##...#(# #########.#
.#######.#......# #.....g...#
#........#......# #.#######.#
#.########......# #.# #.####
#.#########...#.####.#######.....
#...)<...)....#.@o.g.......###.##
#†##########..######.#.#.#.###.#
#.# #..# #...........#
#.##########..# ###.#.#.######
#..........>..# #.....#####.
...##########.###### ###.####....
......# #..##...# #.# #.##.
...##.#### #.###...# #.####.##.
#.##...#.###.###...#####.#.......


You could see an orc wizard (fast, very poisoned) and a goblin.

Vanquished Creatures
  3 orc wizards (D:3)
  Terence (D:2)
  An adder (D:2)
  A worm (D:2)
  4 dart slugs
  A leopard gecko (D:2)
  10 orcs (D:3)
  9 goblins
  8 hobgoblins
  A quokka (D:2)
  8 bats
  6 kobolds
  7 rats
60 creatures vanquished.

Notes
Turn   | Place    | Note
-------+----------+-------------------------------------------
     0 | D:1      | marklar909 the Formicid Venom Mage began the quest for the
                  | Orb.
     0 | D:1      | Reached XP level 1. HP: 13/13 MP: 3/3
     6 | D:1      | Noticed an iguana
     6 | D:1      | Noticed an anaconda
     6 | D:1      | Noticed a wyvern
     6 | D:1      | Noticed a black bear
     6 | D:1      | Noticed a hog
   253 | D:1      | Reached XP level 2. HP: 19/19 MP: 0/5
   310 | D:1      | Learned a level 2 spell: Poisonous Vapours
   868 | D:1      | Reached XP level 3. HP: 24/24 MP: 0/6
  1529 | D:2      | Found a snail-covered altar of Cheibriados.
  1852 | D:2      | Reached skill level 5 in Poison Magic
  2111 | D:2      | Found a blossoming altar of Fedhas.
  2192 | D:2      | Reached XP level 4. HP: 30/30 MP: 5/8
  2343 | D:2      | Noticed Terence
  2394 | D:2      | Killed Terence
  3057 | D:3      | Found a shimmering blue altar of Sif Muna.
  3076 | D:3      | Reached skill level 1 in Air Magic
  3076 | D:3      | Reached XP level 5. HP: 29/36 MP: 2/10
  3661 | D:3      | Found a faded altar of an unknown god.
  3753 | D:3      | Learned a level 3 spell: Ignite Poison
  3757 | D:3      | Learned a level 3 spell: Mephitic Cloud
  3833 | D:3      | Reached skill level 6 in Poison Magic
  3833 | D:3      | Reached XP level 6. HP: 19/42 MP: 3/11
  3852 | D:3      | Slain by an orc wizard

Illustrated notes

Levels and vault maps discovered:
D:1:      onia_arrival_zoo_common, layout_basic
D:2:      layout_basic, kennysheep_slug_shrine, lemuel_doored_altar,
          uniq_terence
D:3:      layout_loops_ring, led_sif_book, lemuel_zombie_altar_kikubaaqudgha,
          chequers_ecumenical_altar_simple

Skill      XL: |  1  2  3  4  5 |
---------------+----------------+-----
Poison Magic   | 5 6 |  6.0
Spellcasting   | 3 |  3.6
Air Magic      | 1 |  1.6
Fighting       | |  0.3
Dodging        | |  1.8
Stealth        | |  2.7
Unarmed Combat | |  0.1
Transmutations | |  1.8

Action                   |  1- 3 |  4- 6 || total
-------------------------+-------+-------++-------
Melee: Unarmed           |     2 |     2 ||     4
 Cast: Sting             |    25 |    32 ||    57
       Poisonous Vapours |    30 |    31 ||    61
Armor: Robe              |     6 |     4 ||    10
Dodge: Dodged            |     5 |    14 ||    19

Table legend: (Time is in decaauts)
 A = Elapsed time spent in this place.
 B = Non-inter-level travel time spent in this place.
 C = Inter-level travel time spent in this place.
 D = Time resting spent in this place.
 E = Time spent auto-exploring this place.
 F = Levels seen in this place.
 G = Mean time per level.
                   A        B        C        D        E       F      G
               +--------+--------+--------+--------+--------+-----+--------+
         Total |   3853 |   3764 |     89 |    600 |   2662 |   3 | 1284.3 |
       Dungeon |   3853 |   3764 |     89 |    600 |   2662 |   3 | 1284.3 |
               +--------+--------+--------+--------+--------+-----+--------+

Top non-repeatable levels by time:
     D:1: 1784 daAuts
     D:2: 1159 daAuts
     D:3: 909 daAuts
